 Dungeon Sprint DCSS version 0.27-a0-1278-g6cbc8dfb29 (webtiles) character file.

Game seed: 9015770798952619330

6629 mhtbhm the Basher (level 10, -7/135 HPs)
             Began as a Demonspawn Berserker on June 12, 2021.
             Was a High Priest of Trog.
             Mangled by a spriggan berserker (29 damage)
             ... in the Dungeon (Sprint IV: "Fedhas' Mad Dash").
             The game lasted 00:04:09 (2678 turns).

mhtbhm the Basher (Demonspawn Berserker)            Turns: 2678, Time: 00:04:10

Health: -7/135     AC: 20    Str: 24    XL:     10   Next: 72%
Magic:  10/10      EV: 12    Int:  8    God:    Trog [*****.]
Gold:   258        SH:  4    Dex: 15    Spells: 9/9 levels left

rFire    . . .     SeeInvis .   a - +2 flail (vorpal)
rCold    . . .     Faith    .   (no shield)
rNeg     . . .     Spirit   .   b - +8 chain mail of Vekes {Str+2 Dex+3}
rPois    .         Reflect  .   (no helmet)
rElec    .         Harm     .   (no cloak)
rCorr    .         Rampage  .   (no gloves)
Will     .....     NoTele   +   (boots unavailable)
Stlth    ..........             j - amulet of invisibility {+Inv}
HPRegen  0.32/turn              (no ring)
MPRegen  0.12/turn              (no ring)

@: berserking, very quick
A: hooves 3, icy blue scales 2, condensation shield
a: Renounce Religion, Evoke Invisibility, Berserk, Trog's Hand, Brothers in Arms


You were in the Dungeon.
You worshipped Trog.
Trog was extremely pleased with you.
You visited 1 branch You collected 258 gold pieces.

Inventory:

Hand Weapons
 a - a +2 vorpal flail (weapon)
Missiles
 l - 9 poisoned darts (quivered)
Armour
 b - the +8 chain mail of Vekes (worn) {Str+2 Dex+3}
   (You found it in the Dungeon)

   It affects your strength (+2).
   It affects your dexterity (+3).
Jewellery
 j - the amulet of invisibility (around neck) {+Inv}
   (You found it in the Dungeon)

   [amulet of nothing]

   It lets you turn invisible.
Scrolls
 h - a scroll of blinking
 i - a scroll of amnesia {unknown}
 n - a scroll of identify {unknown}
Potions
 c - a potion of curing
 d - a potion of heal wounds
 e - a potion of haste
 f - 2 potions of magic
 g - a potion of berserk rage
 k - a potion of might {unknown}
 m - a potion of lignification {unknown}
 o - a potion of attraction {unknown}


   Skills:
 + Level 12.5 Fighting
 + Level 13.3 Maces & Flails
 + Level 0.8 Throwing
 + Level 4.8 Armour
 + Level 8.5 Dodging
 + Level 9.8 Stealth
 + Level 3.4 Shields
 + Level 10.2 Evocations


You had 9 spell levels left.
You didn't know any spells.
Your spell library was empty.

Dungeon Overview and Level Annotations

Branches:
Dungeon (1/1)

Altars:
Cheibriados
Dithmenos
Elyvilon
Gozag
Hepliaklqana
Kikubaaqudgha
Makhleb
Nemelex Xobeh
Okawaru
Qazlal
Ru
Sif Muna
Trog
Uskayaw
Vehumet
Wu Jian
Xom
Yredelemnul
Zin
The Shining One
Beogh
Jiyva
Lugonu

Shops:
D [?(?((*!


Innate Abilities, Weirdness & Mutations

You have hooves in place of feet.
You are mostly covered in icy blue scales. (AC +3)
A meltable shield of frost defends you. (SH +4)


Message History

Things that are here:
a +0 lajatang of distortion; a +0 robe; the spriggan corpse of Agnes A spriggan berserker comes into view.
It is wielding a +0 quarterstaff.
Found Guqov's Weapon Emporium.
The spriggan berserker utters an invocation to Trog.
The spriggan berserker goes berserk!
Your troll goes berserk!
The spriggan berserker hits your troll with a +0 quarterstaff!
Unknown command.
You hear a shout!
Found Aleecw's Magic Scroll Shoppe.
The spriggan berserker hits you with a +0 quarterstaff!
The spriggan berserker hits you with a +0 quarterstaff!!
You hear a shout!
A red film seems to cover your vision as you go berserk!
You feel yourself moving faster!
You feel mighty!
The spriggan berserker closely misses you.
The spriggan berserker hits you with a +0 quarterstaff!!!
Unknown command.
You hit the spriggan berserker.
Your kick misses the spriggan berserker.
The spriggan berserker is lightly wounded.
You block the spriggan berserker's attack.
You completely miss the spriggan berserker.
Your kick misses the spriggan berserker.
The spriggan berserker is lightly wounded.
You miss the spriggan berserker.
Your kick misses the spriggan berserker.
The spriggan berserker is lightly wounded.
The spriggan berserker hits you with a +0 quarterstaff!!
* * * LOW HITPOINT WARNING * * *
You hit the spriggan berserker.
Your kick misses the spriggan berserker.
The spriggan berserker is lightly wounded.
The spriggan berserker hits you with a +0 quarterstaff.
* * * LOW HITPOINT WARNING * * *
You sock the spriggan berserker! You kick the spriggan berserker.
The spriggan berserker is moderately wounded.
The spriggan berserker hits you with a +0 quarterstaff!!
You die...

..###################......###)..
###♣♣♣♣♣..♣.###.'.)'....)[('.))..
)'......♣..♣##:.#..#.P.....######
.#♣..♣♣♣.♣).###.##)##.P....#
.#.♣♣..♣...♣'...#♣.♣######## ###
#############.....# #
###.§♣..♣....# ####...♣i.....♣..
.......@♣.....∩.∩
.################


You could see a spriggan berserker (berserk).

Vanquished Creatures
  Agnes (D)
  A spriggan druid (D)
  6 oklob plants (D)
  A demonic crawler (D)
  3 wandering mushrooms (D)
  3 burning bushes (D)
  A hornet (D)
  3 scorpions (D)
  2 killer bees (D)
  5 oklob saplings (D)
  5 spriggans (D)
  A river rat (D)
  A rat (D)
33 creatures vanquished.

Vanquished Creatures (collateral kills)
  A queen bee (D)
  2 killer bees (D)
3 creatures vanquished.

Vanquished Creatures (others)
  A ballistomycete spore (D)
1 creature vanquished.

Grand Total: 37 creatures vanquished

Notes
Turn   | Place    | Note
-------+----------+-------------------------------------------
     0 | D        | mhtbhm the Demonspawn Berserker began the quest for the
                  | Orb.
     0 | D        | Reached XP level 1. HP: 18/18 MP: 1/1
    15 | D        | Reached skill level 3 in Maces & Flails
    15 | D        | Gained mutation: A meltable shield of frost defends you.
                  | (SH +4) [demonic ancestry]
    15 | D        | Reached XP level 2. HP: 25/25 MP: 2/2
    63 | D        | Noticed an oklob sapling
    65 | D        | Killed an oklob sapling
    65 | D        | Reached ** piety under Trog
    66 | D        | Reached skill level 5 in Fighting
    66 | D        | Reached skill level 4 in Maces & Flails
    66 | D        | Gained mutation: You have large cloven feet. [demonic
                  | ancestry]
    66 | D        | Reached XP level 3. HP: 33/33 MP: 3/3
   214 | D        | Noticed a scorpion
   215 | D        | Found the amulet of invisibility {+Inv}
   218 | D        | Killed a scorpion
   219 | D        | Reached skill level 5 in Maces & Flails
   219 | D        | Reached XP level 4. HP: 40/40 MP: 4/4
   415 | D        | Found an opulent altar of Gozag.
   415 | D        | Found a hazy altar of Hepliaklqana.
   415 | D        | Found a burning altar of Makhleb.
   415 | D        | Found a sparkling altar of Nemelex Xobeh.
   415 | D        | Found a snail-covered altar of Cheibriados.
   415 | D        | Found a sacrificial altar of Ru.
   415 | D        | Found a shimmering blue altar of Sif Muna.
   415 | D        | Found a shimmering altar of Xom.
   415 | D        | Found a basalt altar of Yredelemnul.
   416 | D        | Found a viscous altar of Jiyva.
   416 | D        | Found a bloodstained altar of Trog.
   416 | D        | Found an ornate altar of the Wu Jian Council.
   417 | D        | Found an iron altar of Okawaru.
   417 | D        | Found a shadowy altar of Dithmenos.
   418 | D        | Found an ancient bone altar of Kikubaaqudgha.
   418 | D        | Found a hide-covered altar of Uskayaw.
   419 | D        | Found a stormy altar of Qazlal.
   420 | D        | Found a corrupted altar of Lugonu.
   420 | D        | Found a radiant altar of Vehumet.
   429 | D        | Reached skill level 6 in Maces & Flails
   429 | D        | Reached XP level 5. HP: 48/48 MP: 3/5
   467 | D        | Reached *** piety under Trog
   468 | D        | Reached skill level 1 in Evocations
   532 | D        | Reached skill level 7 in Maces & Flails
   537 | D        | Gained mutation: You have hoof-like feet. [demonic
                  | ancestry]
   537 | D        | Reached XP level 6. HP: 31/56 MP: 4/6
   726 | D        | Found Pufusm's Magic Scroll Shop.
   726 | D        | Found Uhiede's Antique Armour Emporium.
   737 | D        | Noticed a burning bush
   737 | D        | Noticed a wandering mushroom
   739 | D        | Noticed a wandering mushroom
   741 | D        | Reached **** piety under Trog
   742 | D        | Reached skill level 1 in Stealth
   745 | D        | Killed a wandering mushroom
   746 | D        | Reached skill level 8 in Maces & Flails
   746 | D        | Reached skill level 5 in Dodging
   746 | D        | Gained mutation: You are partially covered in icy blue
                  | scales. (AC +2) [demonic ancestry]
   746 | D        | Reached XP level 7. HP: 60/64 MP: 4/7
   752 | D        | Killed a burning bush
   753 | D        | Reached skill level 10 in Fighting
   753 | D        | Reached skill level 9 in Maces & Flails
   754 | D        | Found Saanoch's Antique Weapon Emporium.
   754 | D        | Found Fucweruasakh's Antique Weapon Shoppe.
   955 | D        | Reached skill level 5 in Evocations
  1190 | D        | Noticed a queen bee
  1202 | D        | Killed a queen bee
  1202 | D        | Reached ***** piety under Trog
  1203 | D        | Reached skill level 10 in Maces & Flails
  1203 | D        | Gained mutation: You have hooves in place of feet. [demonic
                  | ancestry]
  1203 | D        | Reached XP level 8. HP: 74/74 MP: 6/8
  1312 | D        | Noticed an oklob plant
  1323 | D        | Killed an oklob plant
  1323 | D        | Received a gift from Trog
  1324 | D        | Reached skill level 1 in Shields
  1451 | D        | Noticed a burning bush
  1460 | D        | Killed a burning bush
  1498 | D        | Noticed a burning bush
  1498 | D        | Noticed an oklob plant
  1499 | D        | Noticed a wandering mushroom
  1505 | D        | Killed a burning bush
  1506 | D        | Gained mutation: You are mostly covered in icy blue scales.
                  | (AC +3) [demonic ancestry]
  1506 | D        | Reached XP level 9. HP: 81/81 MP: 6/9
  1571 | D        | Killed an oklob plant
  1572 | D        | Reached skill level 11 in Maces & Flails
  1572 | D        | Reached skill level 5 in Stealth
  1577 | D        | Killed a wandering mushroom
  1733 | D        | Noticed a spriggan druid
  1738 | D        | Killed a spriggan druid
  1816 | D        | Noticed an oklob plant conjurer
  1818 | D        | Killed an oklob plant conjurer
  2064 | D        | Noticed an oklob plant
  2064 | D        | Noticed an oklob plant summoner
  2065 | D        | Noticed an oklob plant shifter
  2071 | D        | Killed an oklob plant
  2071 | D        | Received a gift from Trog
  2072 | D        | Reached skill level 12 in Maces & Flails
  2074 | D        | Killed an oklob plant summoner
  2075 | D        | Reached XP level 10. HP: 89/89 MP: 8/10
  2078 | D        | Killed an oklob plant shifter
  2274 | D        | Noticed a spriggan rider
  2279 | D        | Found Fitutit's Assorted Antiques.
  2284 | D        | Killed a spriggan rider
  2284 | D        | Reached ****** piety under Trog
  2284 | D        | Received a gift from Trog
  2286 | D        | Reached skill level 10 in Evocations
  2289 | D        | Found Vikoifoi's Distillery.
  2363 | D        | Identified the +8 chain mail of Vekes {Str+2 Dex+3}
  2511 | D        | Noticed Agnes
  2519 | D        | Killed Agnes
  2520 | D        | Reached skill level 13 in Maces & Flails
  2667 | D        | Found Guqov's Weapon Emporium.
  2667 | D        | Noticed a spriggan berserker
  2670 | D        | Found Aleecw's Magic Scroll Shoppe.
  2678 | D        | Mangled by a spriggan berserker

Illustrated notes

Levels and vault maps discovered:
D:        dungeon_sprint_fedhas [sprint_temple]

Skill      XL: |  1  2  3  4  5  6  7  8  9 10 |
---------------+-------------------------------+-----
Fighting       | 4 5 6 7 8 9 10 11 12 | 12.5
Maces & Flails | 3 4 5 6 7 8 10 12 13 | 13.3
Armour         | 2 3 4 |  4.8
Dodging        | 2 3 4 5 6 7 8 |  8.5
Evocations     | 2 4 5 7 9 10 | 10.2
Stealth        | 1 2 4 7 9 |  9.8
Shields        | 1 2 3 |  3.4
Throwing       | |  0.8

Action                   |  1- 3 |  4- 6 |  7- 9 | 10-12 || total
-------------------------+-------+-------+-------+-------++-------
Melee: Mace              |    11 |    21 |    48 |       ||    80
       Kick              |       |     9 |    24 |     5 ||    38
       Flail             |       |       |    11 |    20 ||    31
       Great mace        |       |       |       |     5 ||     5
Throw: Dart              |       |       |       |     2 ||     2
Invok: Berserk           |     3 |     4 |    10 |     4 ||    21
       Brothers in Arms  |       |       |     1 |     2 ||     3
 Abil: Evoke Invisibilit |       |     4 |     4 |       ||     8
 Stab: Invisible         |       |       |     7 |     1 ||     8
       Sleeping          |       |       |     1 |       ||     1
       Distracted        |       |       |       |     2 ||     2
Armor: Animal skin       |     1 |       |     1 |     2 ||     4
Dodge: Dodged            |     5 |     9 |     9 |     7 ||    30
Block: Other             |       |       |     4 |     3 ||     7

Table legend: (Time is in decaauts)
 A = Elapsed time spent in this place.
 B = Non-inter-level travel time spent in this place.
 C = Inter-level travel time spent in this place.
 D = Time resting spent in this place.
 E = Time spent auto-exploring this place.
 F = Levels seen in this place.
 G = Mean time per level.
                   A        B        C        D        E       F      G
               +--------+--------+--------+--------+--------+-----+--------+
         Total |   2855 |   2855 |      0 |   2327 |      3 |   1 | 2855.0 |
       Dungeon |   2855 |   2855 |      0 |   2327 |      3 |   1 | 2855.0 |
               +--------+--------+--------+--------+--------+-----+--------+

Top non-repeatable levels by time:
       D: 2855 daAuts
